 Dungeon Crawl Stone Soup version 0.31-a0-1074-g0b22e4e0f1 (webtiles) character file.

Game seed: 15297582639820821864

632 Fodor the Covered (level 7, 0/61 HPs)
             Began as a Minotaur Fighter on Nov 28, 2023.
             Was an Initiate of Gozag.
             Slain by a fire elemental (11 damage)
             ... created by the fiery vengeance of Ignis
             ... on level 5 of the Dungeon.
             The game lasted 00:18:34 (3311 turns).

Fodor the Covered (Minotaur Fighter)                Turns: 3311, Time: 00:18:34

Health: 0/61       AC:  7    Str: 28    XL:     7   Next: 24%
Magic:  6/6        EV: 15    Int:  5    God:    Gozag
Gold:   212        SH:  5    Dex: 10    Spells: 6/6 levels left

rFire   . . .        A - +3 scythe (venom)
rCold   . . .        (shield currently unavailable)
rNeg    . . .        b - +0 scale mail
rPois   .            (helmet restricted)
rElec   .            (no cloak)
rCorr   .            (no gloves)
SInv    .            (no boots)
Will    .....        h - amulet of reflection Stlth
                     l - +5 ring of evasion
HPRegen 0.30/turn    o - +6 ring of strength
MPRegen 0.10/turn

%: reflection
@: fire susceptible
A: horns 2, retaliatory headbutt
a: Renounce Religion, Potion Petition, Call Merchant, Bribe Branch


You were on level 5 of the Dungeon.
You worshipped Gozag.
Gozag was aware of your devotion.
You visited 1 branch of the dungeon, and saw 5 of its levels.

You collected 273 gold pieces.
You paid 61 gold pieces to Gozag.

Inventory:

Hand Weapons
 p - a +2 flail of protection
 A - a +3 scythe of venom (weapon)
Missiles
 t - a boomerang (quivered)
Armour
 b - a +0 scale mail (worn)
 c - a +0 buckler
Jewellery
 h - an amulet of reflection (around neck)
 l - a +5 ring of evasion (left hand)
 o - a +6 ring of strength (right hand)
Talismans
 w - a maw talisman
Scrolls
 e - a scroll of fear {unknown}
 g - 4 scrolls of identify {unknown}
 i - 2 scrolls of fog {unknown}
 j - 2 scrolls of teleportation {unknown}
 k - a scroll of revelation {unknown}
 q - 2 scrolls of blinking {unknown}
 r - a scroll of torment {unknown}
 s - a scroll of amnesia {unknown}
 v - a scroll of noise {unknown}
 x - 2 scrolls of vulnerability {unknown}
 y - 3 scrolls of immolation {unknown}
Potions
 d - a potion of might
 f - 3 potions of degeneration {unknown}
 m - a potion of heal wounds {unknown}
 n - a potion of mutation {unknown}
 u - a potion of magic {unknown}
 z - 2 potions of haste {unknown}


   Skills:
 + Level 5.2 Fighting
 + Level 4.9(5.6) Axes
 + Level 4.1(5.2) Maces & Flails
 + Level 5.9 Armour
 + Level 1.0 Dodging
 + Level 0.2 Stealth
 + Level 4.8 Shields


You had 6 spell levels left.
You didn't know any spells.
Your spell library contained the following spells:

 Spells                   Type           Power      Damage    Failure   Level
 Kiss of Death            Conj/Necr      0%         2d5       73%         1
 Wereblood                Tmut           0%         N/A       86%         2
 Confusing Touch          Hex            0%         N/A       97%         3
 Ignite Poison            Fire/Tmut/Pois 0%         N/A       97%         3
 Dispel Undead            Necr           0%         3d6       100%        4
 Sticky Flame             Conj/Fire      0%         2d3       100%        4
 Irradiate                Conj/Tmut      0%         3d11      100%        5
 Ignition                 Fire           0%         3d3       100%        8


Dungeon Overview and Level Annotations

Branches:
Dungeon (5/15)
 Temple: D:4-7

Altars:
Cheibriados
Gozag
Ignis


Innate Abilities, Weirdness & Mutations

You have a pair of horns on your head.
You reflexively headbutt those who attack you in melee.


Message History

You kill the dart slug!
You now have 200 gold pieces (gained 4).
You now have 205 gold pieces (gained 5).
Things that are here:
a +3 scythe of venom; a +0 robe You now have 212 gold pieces (gained 7).
Things that are here:
a +3 scythe of venom; a +0 robe
A - a +3 scythe of venom You drop a +0 war axe.
You start removing your armour.
You continue taking off your +0 buckler. x4
You finish taking off your +0 buckler.
Your +2 flail of protection goes still.
Your +3 scythe of venom begins to drip with poison!
A - a +3 scythe of venom (weapon)
Found a stone staircase leading up.
x - 2 scrolls labelled XAEDOC LINT (gained 1)
g - 4 scrolls labelled WEEREP UNALEY (gained 1)
Found a cyan potion.
z - 2 cyan potions (gained 1) Ignis calls forth spirits of fire to unmake you! 2 fire elementals come into view.
You barely miss the fire elemental. The fire elemental misses you.
The fire elemental hits you. The fire elemental burns you!
You barely miss the fire elemental. You headbutt the fire elemental!
The fire elemental is moderately damaged.
The fire elemental hits you. The fire elemental burns you!
The fire elemental barely misses you. x2; The fire elemental misses you.
You hit the fire elemental. You headbutt the fire elemental!
The fire elemental is severely damaged.
The fire elemental hits you. The fire elemental burns you!
The fire elemental hits you. The fire elemental burns you!
The fire elemental hits you. The fire elemental burns you!
* * * LOW HITPOINT WARNING * * *
You barely miss the fire elemental.
The fire elemental is severely damaged.
The fire elemental hits you. The fire elemental burns you!
You die...
Your body crumbles into a pile of gold.

#####......#
#..........#
#.#..☼.....#
##.#.#○☼....#
##....#......#
##..°.#########
.######.....##
........EE...#
.###<...@....#
#.........#
.###........##
............##
.............####
..###...)........
..####............
..................
###
..######.........<
#...


You could see 2 fire elementals.

Vanquished Creatures
  Sigmund (D:5)
  A black bear (D:4)
  An ice beast (D:5)
  A scorpion (D:5)
  An orc priest (D:4)
  An orc wizard (D:4)
  Robin (D:4)
  5 adders
  A shadow imp (D:5)
  4 worms
  2 dart slugs
  14 orcs
  3 bats
  3 endoplasms
  2 giant cockroaches
  16 goblins
  7 hobgoblins
  2 jackals (D:4)
  2 quokkas
  7 ball pythons
  3 kobolds
  2 rats (D:2)
80 creatures vanquished.

Notes
Turn   | Place    | Note
-------+----------+-------------------------------------------
     0 | D:1      | Fodor the Minotaur Fighter began the quest for the Orb.
     0 | D:1      | Reached XP level 1. HP: 19/19 MP: 0/0
    50 | D:1      | Found a faded altar of an unknown god.
    86 | D:1      | Prayed at the altar of an unknown god.
    86 | D:1      | Became a worshipper of Ignis, the Dying Flame
   696 | D:2      | Reached XP level 2. HP: 26/27 MP: 1/1
  1187 | D:2      | Reached XP level 3. HP: 32/33 MP: 2/2
  2114 | D:3      | Reached XP level 4. HP: 40/40 MP: 3/3
  2518 | D:4      | Reached skill level 5 in Armour
  2549 | D:4      | Reached XP level 5. HP: 40/47 MP: 4/4
  2847 | D:4      | Noticed Robin
  2853 | D:4      | Noticed a black bear
  2854 | D:4      | Killed Robin
  2866 | D:4      | Killed a black bear
  2867 | D:4      | Reached skill level 1 in Maces & Flails
  2867 | D:4      | Reached XP level 6. HP: 54/55 MP: 5/5
  2967 | D:4      | Found a large runed translucent door.
  2967 | D:4      | Found a large runed translucent door.
  2986 | D:4      | Found an opulent altar of Gozag.
  2996 | D:4      | Fell from the grace of Ignis
  2996 | D:4      | Became a worshipper of Gozag Ym Sagoz the Greedy
  3001 | D:4      | Found a snail-covered altar of Cheibriados.
  3199 | D:5      | Entered Level 5 of the Dungeon
  3199 | D:5      | Noticed an ice beast
  3206 | D:5      | Killed an ice beast
  3207 | D:5      | Reached skill level 5 in Fighting
  3233 | D:5      | Noticed Sigmund
  3240 | D:5      | Killed Sigmund
  3241 | D:5      | Reached skill level 1 in Dodging
  3241 | D:5      | Reached XP level 7. HP: 54/61 MP: 6/6
  3301 | D:5      | Noticed a fire elemental
  3301 | D:5      | Noticed a fire elemental
  3311 | D:5      | Slain by a fire elemental

Illustrated notes

Levels and vault maps discovered:
D:1:      orjb1_lava_funnel, layout_loops_ring,
          shapermc_ecumenical_altar_mp_highgroup, nrook_loot_triangle
D:2:      layout_loops_ring
D:3:      layout_loops_corners
D:4:      layout_rooms, jmf_multi_god_temple2, uniq_robin
D:5:      minmay_chambers_of_fours, layout_rooms, temple_pool_b,
          kennysheep_generic_room_14, uniq_sigmund

Skill      XL: |  1  2  3  4  5  6  7 |
---------------+----------------------+-----
Fighting       | 4 5 |  5.2
Armour         | 4 5 |  5.9
Axes           | 3 4 |  4.9
Shields        | 4 |  4.8
Maces & Flails | 1 3 4 |  4.1
Dodging        | 1 |  1.0
Stealth        | |  0.2

Action                     |  1- 3 |  4- 6 |  7- 9 || total
---------------------------+-------+-------+-------++-------
  Melee: War axe           |    70 |    27 |       ||    97
         Headbutt          |     5 |    16 |     4 ||    25
         Flail             |       |    62 |     5 ||    67
         Halberd           |       |       |     4 ||     4
 Invoke: Fiery Armour      |     1 |       |       ||     1
 Armour: Scale mail        |    34 |    37 |    14 ||    85
  Dodge: Dodged            |    41 |    59 |     8 ||   108
  Block: Buckler           |    48 |    35 |     2 ||    85
         Reflection        |     3 |     1 |     2 ||     6

Table legend: (Time is in decaauts)
 A = Elapsed time spent in this place.
 B = Non-inter-level travel time spent in this place.
 C = Inter-level travel time spent in this place.
 D = Time resting spent in this place.
 E = Time spent auto-exploring this place.
 F = Levels seen in this place.
 G = Mean time per level.
                   A        B        C        D        E       F      G
               +--------+--------+--------+--------+--------+-----+--------+
         Total |   3365 |   3335 |     30 |    100 |      0 |   5 |  673.0 |
       Dungeon |   3365 |   3335 |     30 |    100 |      0 |   5 |  673.0 |
               +--------+--------+--------+--------+--------+-----+--------+

Top non-repeatable levels by time:
     D:3: 910 daAuts
     D:2: 868 daAuts
     D:4: 779 daAuts
     D:1: 690 daAuts
     D:5: 115 daAuts
